 Dungeon Crawl Stone Soup version 0.31-a0-640-g39d97e502b (webtiles) character file.

Game seed: 8289177478708286984

45 mopl the Magician (level 3, -1/21 HPs)
             Began as an Octopode Hedge Wizard on Aug 28, 2023.
             Slain by a gnoll
             ... wielding a +0 club
              (6 damage)
             ... on level 2 of the Dungeon.
             The game lasted 00:01:52 (738 turns).

mopl the Magician (Octopode Hedge Wizard)            Turns: 738, Time: 00:01:53

Health: -1/21      AC:  1    Str:  9    XL:     3   Next: 64%
Magic:  6/7        EV: 10    Int: 18    God:
Gold:   67         SH:  7    Dex: 11    Spells: 5/8 levels left

rFire   . . .        a - +0 dagger
rCold   . . .        d - +0 kite shield
rNeg    . . .        b - +0 hat
rPois   .            (no amulet)
rElec   .            h - ring of wizardry
rCorr   .            (no ring)
SInv    .            (no ring)
Will    .....        (no ring)
Stlth   +++          (no ring)
HPRegen 0.23/turn    (no ring)
MPRegen 0.10/turn    (no ring)
                     (no ring)

%: wizardry (x1)
@: no status effects
A: almost no armour, amphibious, 8 rings, camouflage 1, gelatinous body 1,
(nimble swimmer 1), tentacles
a: no special abilities


You were on level 2 of the Dungeon.
You visited 1 branch of the dungeon, and saw 2 of its levels.

You collected 67 gold pieces.

Inventory:

Hand Weapons
 a - a +0 dagger (weapon)
Armour
 b - a +0 hat (worn)
 d - a +0 kite shield (worn)
Jewellery
 h - a ring of wizardry (left tentacle)
Scrolls
 f - a scroll of poison {unknown}
 i - a scroll of enchant armour {unknown}
 j - a scroll of fear {unknown}
 m - a scroll of enchant weapon {unknown}
Potions
 c - a potion of magic
 e - 2 potions of haste {unknown}
 g - a potion of mutation {unknown}
 k - a potion of curing {unknown}
 l - 3 potions of brilliance {unknown}


   Skills:
 - Level 2.0 Dodging
 - Level 2.6 Stealth
 + Level 1.3 Shields
 + Level 3.3 Spellcasting
 + Level 1.8 Conjurations
 - Level 1.0 Summonings
 + Level 1.8 Translocations


You had 5 spell levels left.
You knew the following spells:

 Your Spells              Type           Power      Damage    Failure   Level
a - Magic Dart            Conj           36%        1d4       17%         1
e - Blink                 Tloc           18%        N/A       26%         2

Your spell library contained the following spells:

 Spells                   Type           Power      Damage    Failure   Level
 Slow                     Hex            12%        N/A       32%         1
 Call Imp                 Summ           12%        N/A       32%         2
 Cigotuvi's Dreadful Rot  Necr/Pois/Air  6%         N/A       45%         2
 Mephitic Cloud           Conj/Pois/Air  5%         N/A       61%         3


Dungeon Overview and Level Annotations

Branches:
Dungeon (2/15)

Altars:


Innate Abilities, Weirdness & Mutations

You cannot wear most types of armour.
You are amphibious.
You can wear up to eight rings at the same time.
Your skin changes colour to match your surroundings (Stealth+).
Your rubbery body absorbs attacks. (AC +1, EV +1)
((You are camouflaged when in or above water. (Stealth+)))
You have tentacles for arms and can constrict up to eight enemies at once.


Message History

The hobgoblin is lightly wounded.
The gnoll shouts!
You hit the hobgoblin but do no damage. Your grab misses the hobgoblin.
The hobgoblin is lightly wounded.
The hobgoblin hits you. The hobgoblin barely misses you.
You hit the hobgoblin but do no damage. Your grab misses the hobgoblin.
The hobgoblin is lightly wounded.
The hobgoblin hits you.
Your magical contamination has completely faded away.
You barely miss the hobgoblin. You grab the hobgoblin.
The hobgoblin is lightly wounded.
You constrict the hobgoblin. The hobgoblin hits you.
You hit the hobgoblin. You squeeze the hobgoblin.
You kill the hobgoblin!
You hit the gnoll. You grab the gnoll. You squeeze the gnoll!
The gnoll is severely wounded.
You constrict the gnoll.
The gnoll escapes!
You block the gnoll's attack. The gnoll hits you with a +0 club.
You hit the gnoll but do no damage. Your grab misses the gnoll.
Your squeeze misses the gnoll.
The gnoll is almost dead.
You block the gnoll's attack. The gnoll barely misses you.
You hit the gnoll but do no damage. You grab the gnoll.
The gnoll is almost dead.
You constrict the gnoll.
You kill the gnoll!
The gnoll hits you with a +0 club.
You closely miss the gnoll. You grab the gnoll. You constrict the gnoll.
The gnoll closely misses you.
A quokka comes into view.
You hit the gnoll.
The gnoll is lightly wounded.
You constrict the gnoll. The gnoll hits you with a +0 club.
* * * LOW HITPOINT WARNING * * *
The gnoll struggles to escape constriction.
You hit the gnoll.
You squeeze the gnoll, but do no damage.
The gnoll is heavily wounded.
You constrict the gnoll. The gnoll hits you with a +0 club.
You die...

###### ## #....# #.
###########....###.
#..................
#.......)..........
#)@####...#....####
##g# #####....## #
#.# #.....### #g#
#........ #.....g#
#....###.
###r##...>##########
#.# ##gg ....... ..#
######. ... #.


You could see 2 gnolls and a quokka.

Vanquished Creatures
  A gnoll (D:2)
  A dart slug (D:1)
  4 ball pythons
  2 bats
  3 endoplasms (D:1)
  6 hobgoblins
  3 jackals (D:1)
  A quokka (D:1)
  2 frilled lizards
  4 kobolds
  4 rats
31 creatures vanquished.

Notes
Turn   | Place    | Note
-------+----------+-------------------------------------------
     0 | D:1      | mopl the Octopode Hedge Wizard began the quest for the Orb.
     0 | D:1      | Reached XP level 1. HP: 11/11 MP: 4/4
   101 | D:1      | Reached XP level 2. HP: 10/17 MP: 6/6
   107 | D:1      | Learned a level 2 spell: Blink
   342 | D:1      | Reached skill level 1 in Shields
   467 | D:1      | Reached XP level 3. HP: 21/21 MP: 2/7
   738 | D:2      | Slain by a gnoll

Illustrated notes

Levels and vault maps discovered:
D:1:      zelgadis_glass_arrival_small, layout_rooms
D:2:      layout_rooms, serial_glass, glass_columns_c, glass_columns_a,
          uniq_crazy_yiuf_cottage

Skill      XL: |  1  2 |
---------------+-------+-----
Shields        | 1 |  1.3
Dodging        | |  2.0
Stealth        | |  2.6
Spellcasting   | |  3.3
Conjurations   | |  1.8
Summonings     | |  1.0
Translocations | |  1.8

Action                     || total
---------------------------++-------
  Melee: Dagger            ||    67
         Tentacles         ||    17
         Constrict         ||    16
         Punch             ||     1
   Cast: Magic Dart        ||    21
   Stab: Sleeping          ||     2
         Distracted        ||     1
 Armour: Skin              ||     1
  Dodge: Dodged            ||    23
  Block: Kite shield       ||    21

Table legend: (Time is in decaauts)
 A = Elapsed time spent in this place.
 B = Non-inter-level travel time spent in this place.
 C = Inter-level travel time spent in this place.
 D = Time resting spent in this place.
 E = Time spent auto-exploring this place.
 F = Levels seen in this place.
 G = Mean time per level.
                   A        B        C        D        E       F      G
               +--------+--------+--------+--------+--------+-----+--------+
         Total |    755 |    725 |     30 |     71 |    382 |   2 |  377.5 |
       Dungeon |    755 |    725 |     30 |     71 |    382 |   2 |  377.5 |
               +--------+--------+--------+--------+--------+-----+--------+

Top non-repeatable levels by time:
     D:1: 560 daAuts
     D:2: 194 daAuts
